 Dungeon Crawl Stone Soup version 0.22-a0-44-geb883ae (webtiles) character file.

1778 Timinator the Insei (level 8, 0/61 (62) HPs)
             Began as a Vampire Transmuter on Jan 5, 2018.
             Was an Initiate of Kikubaaqudgha.
             Slain by a two-headed ogre
             ... wielding a +0 giant club
              (11 damage)
             ... on level 8 of the Dungeon on Jan 6, 2018.
             The game lasted 01:07:22 (6221 turns).

Timinator the Insei (Vampire Transmuter)            Turns: 6221, Time: 01:07:22

HP:   0/61 (62)     AC:  3    Str:  9    XL:     8   Next: 81%
MP:   10/14         EV: 16    Int: 15    God:    Kikubaaqudgha [......]
Gold: 291           SH:  0    Dex: 20    Spells: 4/15 levels left

rFire    . . .     SeeInvis +     - Unarmed
rCold    . . .     Gourm    .   (shield currently unavailable)
rNeg     . . .     Faith    .   b - +0 robe
rPois    +         Spirit   .   j - +0 helmet
rElec    .         Reflect  .   (no cloak)
rCorr    .         Harm     .   (gloves currently unavailable)
MR       .....                  (no boots)
Stlth    ++........             B - amulet of magic regeneration
HPRegen  0.40/turn              q - ring of poison resistance
MPRegen  0.39/turn              y - +3 ring of dexterity

@: confusing touch, blade hands (expiring), regenerating quickly
A: fangs 3, see invisible, unbreathing
a: End Transformation, Renounce Religion


You were on level 8 of the Dungeon.
You worshipped Kikubaaqudgha.
Kikubaaqudgha was noncommittal.
You were full.
You had blades for hands.
You visited 2 branches of the dungeon, and saw 9 of its levels.

You collected 543 gold pieces.
You spent 252 gold pieces at shops.

Inventory:

Missiles
 a - 66 arrows
Armour
 b - a +0 robe (worn)
 j - a +0 helmet (worn)
 t - a +1 ring mail of positive energy
Jewellery
 o - an uncursed ring of resist corrosion
 q - a ring of poison resistance (left scythe-like blade)
 y - a +3 ring of dexterity (right scythe-like blade)
 B - an amulet of magic regeneration (around neck)
Wands
 u - a wand of polymorph (13)
 z - a wand of iceblast (8)
Scrolls
 e - 2 scrolls of remove curse
 f - a scroll of magic mapping {unknown}
 h - a scroll of blinking
 i - 2 scrolls of immolation
 k - a scroll of fog {unknown}
 n - a scroll of amnesia {unknown}
 r - a scroll of teleportation
 s - 2 scrolls of identify {unknown}
 w - a scroll of enchant weapon {unknown}
Potions
 d - 4 potions of blood
 g - 2 potions of degeneration {unknown}
 l - 8 potions of curing
 m - a potion of agility {unknown}
 p - 2 potions of cancellation {unknown}
 v - a potion of mutation {unknown}
 x - a potion of ambrosia
 A - a potion of haste {unknown}
Books
 c - a book of Changes

   Spells                             Type                      Level
   a - Beastly Appendage              Transmutation                1
   b - Sticks to Snakes               Transmutation                2
   c - Spider Form                    Transmutation/Poison         3
   d - Ice Form                       Ice/Transmutation            4
   e - Blade Hands                    Transmutation                5


   Skills:
 * Level 5.0 Fighting
 * Level 5.3 Dodging
 * Level 7.0 Unarmed Combat
 + Level 4.4 Spellcasting
 * Level 6.0 Transmutations


You had 4 spell levels left.
You knew the following spells:

 Your Spells              Type           Power        Failure   Level  Hunger
a - Beastly Appendage     Tmut           ###...       17%         1    None
b - Confusing Touch       Hex            #.....       58%         1    None
c - Blade Hands           Tmut           ###.......   78%         5    ######.
d - Ice Form              Ice/Tmut       ##......     85%         4    ####...


Dungeon Overview and Level Annotations

Branches:
Dungeon (8/15)             Temple (1/1) D:7
   Lair: D:8-11

Altars:
Cheibriados
Kikubaaqudgha
Nemelex Xobeh
Okawaru
Qazlal
Sif Muna
Trog
Wu Jian

Shops:
D:4 !


Innate Abilities, Weirdness & Mutations

Your natural rate of healing is unusually fast.
You have razor-sharp teeth.
You have supernaturally acute eyesight. (SInv)
You can survive without breathing.


Message History

You see here a ration.
Casting: Beastly Appendage
Confirm with . or Enter, or press ? or * to list all spells.
Your hands begin to glow red.
The two-headed ogre shouts in stereo!
Casting: Confusing Touch
Confirm with . or Enter, or press ? or * to list all spells.
The spell is very dangerous to cast!
Continue anyway?
Your hands turn into razor-sharp scythe blades.
Your transformation is almost over.
You hit the two-headed ogre but do no damage.
The two-headed ogre hits you with a giant club!!
The two-headed ogre barely misses you.
You hit the two-headed ogre but do no damage.
You hit the two-headed ogre but do no damage.
The two-headed ogre hits you with a giant club!!
* * * LOW HITPOINT WARNING * * *
The two-headed ogre hits you with a giant club!
You die...
Kikubaaqudgha rasps: "You have failed me!
Welcome... oblivion!"

.....#.......###.##.P
.######.####...#..#.. ##
#..#.>....#...
###.#O####....##
######.....# #.....
.......#.### #.#.##
.....).#.######...######
.......#........O.......
.####.#...#####.@...##
..#.....#.####.%###.#
......#.....##.##
###############


You could see a two-headed ogre.

Vanquished Creatures
  A steam dragon (D:7)
  A hungry ghost (D:7)
  An ice beast (D:5)
  A black bear (D:7)
  2 phantoms (D:5)
  2 ogres (D:7)
  A necrophage (D:7)
  2 centaurs (D:7)
  2 bullfrogs
  A scorpion (D:4)
  A crimson imp (D:7)
  A centaur zombie (D:6)
  A jelly (D:7)
  2 hounds
  A centaur skeleton (D:4)
  2 iguanas
  4 orc wizards (D:4)
  A worker ant (D:6)
  6 adders
  2 shadow imps
  3 worms
  3 dart slugs
  6 leopard geckos
  26 orcs
  2 ball pythons
  6 bats
  2 giant cockroaches
  4 hobgoblins (D:1)
  8 jackals
  2 quokkas (D:5)
  4 frilled lizards
  6 goblins
  A jackal skeleton (D:7)
  4 kobolds (D:1)
  9 rats
121 creatures vanquished.

Notes
Turn   | Place    | Note
-------+----------+-------------------------------------------
     0 | D:1      | Timinator the Vampire Transmuter began the quest for the Orb.
     0 | D:1      | Reached XP level 1. HP: 14/14 MP: 3/3
    11 | D:1      | Reached skill level 1 in Fighting
    38 | D:1      | Reached XP level 2. HP: 19/22 MP: 3/5
   346 | D:1      | Reached XP level 3. HP: 23/27 MP: 4/6
   970 | D:2      | Found a sparkling altar of Nemelex Xobeh.
  1026 | D:2      | Found a stormy altar of Qazlal.
  1407 | D:2      | Learned a level 1 spell: Confusing Touch
  1665 | D:3      | Reached XP level 4. HP: 33/33 MP: 5/7
  1813 | D:3      | Reached skill level 4 in Unarmed Combat
  2302 | D:3      | Found a snail-covered altar of Cheibriados.
  2580 | D:4      | Found Wuamurche's Distillery.
  2653 | D:4      | Bought a potion of curing for 42 gold pieces
  2653 | D:4      | Bought a potion of curing for 42 gold pieces
  2653 | D:4      | Bought a potion of curing for 42 gold pieces
  2653 | D:4      | Bought a potion of curing for 42 gold pieces
  2653 | D:4      | Bought 2 potions of curing for 84 gold pieces
  2685 | D:4      | Reached XP level 5. HP: 39/39 MP: 9/9
  3253 | D:4      | Reached XP level 6. HP: 40/46 MP: 8/11
  3294 | D:4      | Found an iron altar of Okawaru.
  3461 | D:5      | Entered Level 5 of the Dungeon
  3564 | D:5      | Reached skill level 5 in Unarmed Combat
  3568 | D:5      | Noticed an ice beast
  3690 | D:5      | Noticed a moth of wrath
  3693 | D:5      | Found a bloodstained altar of Trog.
  3894 | D:5      | Killed an ice beast
  3894 | D:5      | Reached XP level 7. HP: 46/52 MP: 10/12
  4282 | D:6      | Found an ornate altar of the Wu Jian Council.
  4702 | D:6      | Upgraded the game from 0.22-a0-42-g002c468 to 0.22-a0-44-geb883ae
  5033 | D:7      | Noticed a steam dragon
  5044 | D:7      | Learned a level 5 spell: Blade Hands
  5049 | D:7      | Learned a level 4 spell: Ice Form
  5049 | D:7      | Identified 2 scrolls of acquirement
  5054 | D:7      | Got an opal-encrusted plate armour
  5251 | D:7      | Reached skill level 6 in Unarmed Combat
  5251 | D:7      | Reached XP level 8. HP: 46/60 MP: 13/13
  5361 | D:7      | Reached skill level 5 in Transmutations
  5415 | D:7      | Reached skill level 5 in Dodging
  5440 | D:7      | Found a staircase to the Ecumenical Temple.
  5446 | Temple   | Entered the Ecumenical Temple
  5483 | Temple   | Became a worshipper of Kikubaaqudgha
  6086 | D:8      | Reached skill level 5 in Fighting
  6086 | D:8      | Reached skill level 7 in Unarmed Combat
  6092 | D:8      | Noticed a two-headed ogre
  6221 | D:8      | Slain by a two-headed ogre

Vault maps used:
D:1:      lemuel_arrival_room, minmay_tall_x
D:2:      old_standard_altar, grunt_qazlal_sundering
D:3:      marbit_many_paths
D:4:      serial_shops, nicolae_shop_crystal, okawaru_ov_weapons_minmay
D:5:      first_ration, tgw_trog
D:6:      old_standard_altar
D:7:      temple_green
D:8:      nicolae_tso_carved_into_rock, dpeg_oklobed_lair, serial_shops, shop
Temple:   regret_index_temple_generic_petals

Skill      XL: |  1  2  3  4  5  6  7  8 |
---------------+-------------------------+-----
Fighting       | 1 2 3 4 5 |  5.0
Unarmed Combat | 4 5 6 7 |  7.0
Spellcasting   | 3 4 |  4.4
Dodging        | 3 4 5 |  5.3
Transmutations | 3 4 6 |  6.0

Action                   |  1- 3 |  4- 6 |  7- 9 || total
-------------------------+-------+-------+-------++-------
Melee: Unarmed           |   135 |   261 |   158 ||   554
       Bite              |    10 |    29 |    18 ||    57
       Kick              |    11 |    54 |    46 ||   111
       Punch             |     2 |     6 |     5 ||    13
       Headbutt          |     2 |       |       ||     2
 Cast: Beastly Appendage |    12 |    21 |    18 ||    51
       Confusing Touch   |     1 |     7 |     6 ||    14
       Blade Hands       |       |       |     2 ||     2
 Abil: Bat Form          |     1 |     2 |     3 ||     6
       End Transformatio |       |     2 |       ||     2
  Use: Potion            |     3 |     4 |    11 ||    18
       Scroll            |       |     4 |     2 ||     6
 Stab: Confused          |       |     6 |     4 ||    10
       Sleeping          |       |     1 |       ||     1
  Eat: Corpse            |     8 |    12 |       ||    20
Armor: Robe              |    15 |    25 |    16 ||    56
       Skin              |       |     5 |       ||     5
Dodge: Dodged            |    75 |   135 |    86 ||   296

Table legend:
 A = Spawn XP
 B = Non-spawn XP
 C = Spawn XP percentage of total XP
 D = Spawn monster count
 E = Non-spawn monster count
 F = Spawn count percentage of total count
 G = Total turns spent on level
                    A         B        C        D         E        F      G
               +---------+---------+-------+---------+---------+-------+---------
         Total |       0 |    2540 |   0.0 |       0 |     121 |   0.0 |  6221
               +---------+---------+-------+---------+---------+-------+---------
           D:1 |       0 |      54 |   0.0 |       0 |      29 |   0.0 |   797
           D:2 |       0 |      39 |   0.0 |       0 |      11 |   0.0 |   817
           D:3 |       0 |      57 |   0.0 |       0 |      14 |   0.0 |   957
           D:4 |       0 |     309 |   0.0 |       0 |      23 |   0.0 |   890
           D:5 |       0 |     507 |   0.0 |       0 |      23 |   0.0 |   817
           D:6 |       0 |     270 |   0.0 |       0 |       8 |   0.0 |   710
           D:7 |       0 |    1208 |   0.0 |       0 |      12 |   0.0 |  1037
           D:8 |       0 |      96 |   0.0 |       0 |       1 |   0.0 |   140
               +---------+---------+-------+---------+---------+-------+---------
